 Dungeon Crawl Stone Soup version 0.31.0-32-g396128a36d (webtiles) character file.

Game seed: 18377682437557089823

669 Silvore the Cudgeller (level 7, 0/61 HPs)
             Began as a Minotaur Fighter on Mar 22, 2024.
             Was a Believer of Zin.
             Succumbed to Ijyb's poison
             ... while paralysed by Ijyb
             ... on level 4 of the Dungeon.
             The game lasted 00:03:53 (2711 turns).

Silvore the Cudgeller (Minotaur Fighter)            Turns: 2711, Time: 00:03:54

Health: 0/61       AC:  7    Str: 22    XL:     7   Next: 32%
Magic:  6/6        EV:  2    Int:  5    God:    Zin [**....]
Gold:   126        SH:  0    Dex: 10    Spells: 6/6 levels left

rFire   . . .        a - +0 flail
rCold   . . .        c - +0 buckler
rNeg    . . .        b - +0 scale mail
rPois   .            (helmet restricted)
rElec   .            (no cloak)
rCorr   .            (no gloves)
SInv    .            (no boots)
Will    .....        (no amulet) Stlth
                     (no ring)
HPRegen 0.30/turn    (no ring)
MPRegen 0.10/turn

%: no passive effects
@: paralysed, mighty, lethally poisoned (0 -> -21)
A: horns 2, retaliatory headbutt
a: Renounce Religion, Recite, Vitalisation, Donate Gold


You were on level 4 of the Dungeon.
You worshipped Zin.
Zin was pleased with you.
You visited 1 branch of the dungeon, and saw 4 of its levels.

You collected 140 gold pieces.
You donated 14 gold pieces to Zin.

Inventory:

Hand Weapons
 a - a +0 flail (weapon)
Armour
 b - a +0 scale mail (worn)
 c - a +0 buckler (worn)
Jewellery
 j - a +6 ring of dexterity
 o - a +5 ring of evasion
Wands
 p - a wand of polymorph (11)
Scrolls
 h - 2 scrolls of identify {unknown}
 k - a scroll of enchant weapon {unknown}
 m - a scroll of fog {unknown}
 n - a scroll of teleportation {unknown}
 q - a scroll of amnesia {unknown}
 r - a scroll of poison {unknown}
Potions
 e - 3 potions of curing {unknown}
 f - 2 potions of haste {unknown}
 g - a potion of cancellation {unknown}
 i - 2 potions of mutation {unknown}
 l - a potion of lignification {unknown}


   Skills:
 + Level 5.1 Fighting
 + Level 6.6 Maces & Flails
 + Level 5.6 Armour
 + Level 2.4 Dodging
 + Level 0.1 Stealth
 + Level 5.0 Shields


You had 6 spell levels left.
You didn't know any spells.
Your spell library contained the following spells:

 Spells                   Type           Power      Damage    Failure   Level
 Apportation              Tloc           0%         N/A       85%         1
 Necrotise                Necr           0%         1d4       85%         1
 Sting                    Conj/Alch      0%         1d3       85%         1
 Summon Small Mammal      Summ           0%         N/A       85%         1


Dungeon Overview and Level Annotations

Branches:
Dungeon (4/15)             Temple (0/1) D:4

Altars:
Sif Muna
Yredelemnul
Zin

Annotations:
D:4 Ijyb, Robin


Innate Abilities, Weirdness & Mutations

You have a pair of horns on your head.
You reflexively headbutt those who attack you in melee.


Message History

You hit Ijyb.
Ijyb is heavily wounded.
You feel extremely sick. You block Ijyb's attack.
You closely miss Ijyb.
Ijyb is heavily wounded.
You feel very sick. Robin barely misses you.
A kobold comes into view. It is wielding a +0 short sword.
Ijyb barely misses you.
A hobgoblin comes into view.
The hobgoblin shouts!
The kobold shouts!
You sock Ijyb!
Ijyb is severely wounded.
You feel very sick. Robin hits you but does no damage.
Ijyb hits you with a +2 dagger of venom.
You are more poisoned.
You barely miss Ijyb. Your headbutt misses Ijyb.
Ijyb is severely wounded.
You feel very sick.
Robin hits you from afar with a +0 spear.
* * * LOW HITPOINT WARNING * * *
You block Ijyb's attack.
You barely miss Ijyb.
Ijyb is severely wounded.
* * * LOW HITPOINT WARNING * * *
You feel very sick. Robin throws the goblin at you!
* * * LOW HITPOINT WARNING * * *
You block the goblin's attack.
Ijyb zaps a wand.
You suddenly lose the ability to move!
* * * LOW HITPOINT WARNING * * *
You feel very sick.
Robin hits you from afar with a +0 spear.
* * * LOW HITPOINT WARNING * * *
Ijyb hits you but does no damage.
You are more poisoned.
The goblin hits you but does no damage.
You die...

. . . ########### .
#.........# .
#.........# # ####
######.........# . .....
................ #
....wg########.........#
...gggg@g.......########
....gS#########.# ..[.K
#.# .... #.# ... #.#####
.. #.....## . #.###..#
#.##8#.# #.####'#


You could see Ijyb (strong), Robin, an adder, a dart slug, 4 hobgoblins, a
goblin (strong) and a kobold.

Vanquished Creatures
  3 necrophages (D:4)
  A scorpion (D:4)
  A bombardier beetle (D:4)
  A centaur zombie (D:4)
  A hound (D:4)
  A human zombie (D:4)
  Jessica (D:2)
  3 scorpion zombies (D:4)
  A mummy (D:4)
  2 howler monkey zombies (D:4)
  4 gnolls (D:3)
  3 adders
  An adder zombie (D:4)
  3 ribbon worms
  4 dart slugs
  An orc (D:3)
  5 bats
  4 endoplasms
  2 giant cockroaches
  7 hobgoblins
  15 jackals
  2 quokkas (D:2)
  6 ball pythons
  4 frilled lizards
  6 goblins
  6 kobolds
  10 rats
98 creatures vanquished.

Notes
Turn   | Place    | Note
-------+----------+-------------------------------------------
     0 | D:1      | Silvore the Minotaur Fighter began the quest for the Orb.
     0 | D:1      | Reached XP level 1. HP: 19/19 MP: 0/0
    52 | D:1      | Reached XP level 2. HP: 17/27 MP: 1/1
   306 | D:1      | Reached XP level 3. HP: 33/33 MP: 2/2
   488 | D:2      | Reached skill level 3 in Maces & Flails
   771 | D:2      | Reached XP level 4. HP: 38/40 MP: 3/3
   944 | D:2      | Noticed Jessica
   962 | D:2      | Killed Jessica
   963 | D:2      | Reached skill level 1 in Dodging
  1609 | D:3      | Reached XP level 5. HP: 47/47 MP: 4/4
  1625 | D:3      | Found a glowing silver altar of Zin.
  1642 | D:3      | Reached skill level 4 in Maces & Flails
  1646 | D:3      | Became a worshipper of Zin the Law-Giver
  1658 | D:3      | Reached * piety under Zin
  2143 | D:4      | Found a staircase to the Ecumenical Temple.
  2200 | D:4      | Found a shimmering blue altar of Sif Muna.
  2380 | D:4      | Reached skill level 5 in Armour
  2380 | D:4      | Reached XP level 6. HP: 51/53 MP: 5/5
  2388 | D:4      | Reached ** piety under Zin
  2482 | D:4      | Reached skill level 5 in Maces & Flails
  2498 | D:4      | Reached skill level 5 in Shields
  2580 | D:4      | Reached skill level 6 in Maces & Flails
  2580 | D:4      | Reached XP level 7. HP: 52/60 MP: 6/6
  2594 | D:4      | Reached skill level 5 in Fighting
  2615 | D:4      | Found a basalt altar of Yredelemnul.
  2699 | D:4      | Noticed Ijyb
  2699 | D:4      | Identified the +0 helmet of the Dwarven Hall {SInv}
  2699 | D:4      | Noticed Robin
  2709 | D:4      | Paralysed by Ijyb for 3 turns
  2711 | D:4      | Succumbed to Ijyb's poison

Illustrated notes

Levels and vault maps discovered:
D:1:      spicycebolla_green_bress_n_ham, layout_rooms
D:2:      layout_loops_ring, minmay_randomly_rotated_circles, uniq_jessica
D:3:      layout_basic, old_standard_altar
D:4:      layout_basic, lemuel_mausoleum_altar_yredelemnul,
          mainiacjoe_overflow_catwalk, minmay_temple_entry_wispy,
          nicolae_goblin_pals

Skill      XL: |  1  2  3  4  5  6  7 |
---------------+----------------------+-----
Shields        | 4 5 |  5.0
Fighting       | 4 5 |  5.1
Armour         | 4 5 |  5.6
Maces & Flails | 3 4 6 |  6.6
Dodging        | 1 2 |  2.4
Stealth        | |  0.1

Action                     |  1- 3 |  4- 6 |  7- 9 || total
---------------------------+-------+-------+-------++-------
  Melee: Flail             |    86 |   154 |    38 ||   278
         Headbutt          |    13 |    28 |     8 ||    49
    Use: Potion            |       |       |     1 ||     1
 Armour: Scale mail        |    88 |    98 |    27 ||   213
  Dodge: Dodged            |    61 |    74 |    10 ||   145
  Block: Buckler           |    32 |    33 |     9 ||    74
